 Dungeon Crawl Stone Soup version 0.29.0-4-gdea44cf6ec (webtiles) character file.

Game seed: 12874297094887675570

332 qw the Chopper (level 6, -9/36 HPs)
             Began as a Tengu Warper on Aug 28, 2022.
             Mangled by Duvessa
             ... wielding a +0 short sword
              (13 damage)
             ... on level 4 of the Dungeon.
             The game lasted 00:00:24 (4515 turns).

qw the Chopper (Tengu Warper)                       Turns: 4515, Time: 00:00:25

Health: -9/36      AC:  6    Str: 19    XL:     6   Next: 52%
Magic:  10/10      EV: 12    Int: 13    God:
Gold:   37         SH:  0    Dex: 14    Spells: 9/9 levels left

rFire   . . .      SeeInvis .   Y - +0 hand axe (freeze)
rCold   . . .      Faith    .   (no shield)
rNeg    . . .      Spirit   .   l - +0 scale mail
rPois   .          Reflect  .   (helmet restricted)
rElec   .          Harm     .   (no cloak)
rCorr   .          Rampage  .   (no gloves)
Will    .....                   (boots unavailable)
Stlth   ..........              (no amulet)
HPRegen 0.12/turn               a - +6 ring of strength
MPRegen 0.12/turn               (no ring)

@: lit by a corona, flying quickly and evasively, glowing, quick
A: beak, talons 3, nimble flight
a: no special abilities


You were on level 4 of the Dungeon.
You visited 1 branch of the dungeon, and saw 4 of its levels.

You collected 237 gold pieces.
You spent 200 gold pieces at shops.


Innate Abilities, Weirdness & Mutations

You have a beak for a mouth.
You have claws for feet.
Your magical nature lets you fly swiftly and evasively.


   Skills:
 + Level 2.6 Fighting
 - Level 7.1 Axes
 - Level 1.0 Throwing
 - Level 1.1 Armour
 - Level 2.1 Dodging
 - Level 2.0 Spellcasting
 - Level 2.4 Translocations


You had 9 spell levels left.
You didn't know any spells.
Your spell library contained the following spells:

 Spells                   Type           Power      Damage    Failure   Level
 Blink                    Tloc           14%        N/A       41%         2
 Gell's Gravitas          Tloc           7%         N/A       65%         3
 Lesser Beckoning         Tloc           7%         N/A       65%         3
 Teleport Other           Tloc           7%         N/A       65%         3
 Manifold Assault         Tloc           7%         N/A       100%        5

Inventory:

Hand Weapons
 n - a +0 morningstar
 Y - a +0 hand axe of freezing (weapon)
Armour
 l - a +0 scale mail (worn)
Jewellery
 a - a +6 ring of strength (left hand)
Scrolls
 p - a scroll of identify
Potions
 b - a potion of magic {unknown}
 h - 2 potions of curing
 i - a potion of haste {unknown}
 j - a potion of berserk rage {unknown}
 r - a potion of might {unknown}
 s - 2 potions of resistance

Dungeon Overview and Level Annotations

Branches:
Dungeon (4/15)
 Temple: D:4-7

Altars:

Shops:
D:3 *

Annotations:
D:2 1 runed translucent door, Crazy Yiuf
D:4 Duvessa


Message History

Dowan points at you and mumbles some strange words.
You are outlined in light.
Duvessa hits you but does no damage.
You closely miss Dowan. You claw Dowan!
Dowan is heavily wounded.
You hit Duvessa but do no damage.
Dowan points at you and mumbles some strange words.
The puff of frost hits you! Duvessa closely misses you.
You hit Dowan. You freeze Dowan.
Dowan is almost dead.
You barely miss Duvessa. Duvessa closely misses you.
Dowan hits you with a +0 dagger. Duvessa barely misses you.
You miss Dowan. Your kick misses Dowan. You peck Dowan.
Dowan is almost dead.
You barely miss Duvessa. Dowan hits you but does no damage.
Duvessa closely misses you.
You hit Dowan. You freeze Dowan. You claw Dowan.
You kill Dowan!
Duvessa screams in rage.
Duvessa goes berserk!
You hit Duvessa but do no damage. Duvessa barely misses you.
You hit Duvessa but do no damage. Your kick misses Duvessa.
Your peck misses Duvessa. You punch Duvessa, but do no damage.
Duvessa hits you with a +0 short sword! Duvessa closely misses you.
4511 ||| DRINKING potion of heal wounds.
You feel much better. Duvessa barely misses you.
You barely miss Duvessa. You peck Duvessa, but do no damage.
Duvessa hits you with a +0 short sword!
You hit Duvessa. You freeze Duvessa. Your kick misses Duvessa.
Duvessa is lightly wounded.
Duvessa hits you with a +0 short sword. Duvessa closely misses you.
You hit Duvessa. You freeze Duvessa. You claw Duvessa, but do no damage.
Your peck misses Duvessa.
Duvessa is lightly wounded.
Duvessa closely misses you.
You hit Duvessa. You freeze Duvessa.
Duvessa is moderately wounded.
Duvessa hits you with a +0 short sword! x2
You die...

############
...........#
...........#
...........#
...........#
.......e...#############
......)@...'..........>#
......)....###########.#
...........# #.#
...........# #.#
...........# #.#
...........# #.#
...........# #.#
...........# #.# #.#


You could see Duvessa (berserk, fast).

Vanquished Creatures
  Blork the orc (D:4)
  A necrophage (D:4)
  Dowan (D:4)
  Natasha (twice) (D:2)
  An adder (D:3)
  An ufetubus (D:4)
  4 worms (D:2)
  A dart slug (D:1)
  5 orcs
  10 endoplasms
  3 giant cockroaches
  10 goblins
  5 hobgoblins
  4 jackals (D:1)
  4 quokkas
  7 ball pythons
  4 bats
  A frilled lizard (D:3)
  11 kobolds
  4 rats
80 creatures vanquished.

Notes
Turn   | Place    | Note
-------+----------+-------------------------------------------
     0 | D:1      | qw the Tengu Warper began the quest for the Orb.
     0 | D:1      | Reached XP level 1. HP: 12/12 MP: 4/4
     0 | D:1      | 0 ||| qw: Version: 0.1-a-89-g26bdef1
     0 | D:1      | 0 ||| qw: Game counter: 813
     0 | D:1      | 0 ||| qw: Always use a shield: true
     0 | D:1      | 0 ||| qw: God list: Okawaru
     0 | D:1      | 0 ||| qw: Allow faded altars: false
     0 | D:1      | 0 ||| qw: Do Orc after D:15 true
     0 | D:1      | 0 ||| qw: Do second Lair branch before Depths: true
     0 | D:1      | 0 ||| qw: Lair rune preference: random
     0 | D:1      | 0 ||| qw: Plans: Normal
     0 | D:1      | 0 ||| PLANNING D:1-11
     2 | D:1      | Noticed a tengu
     2 | D:1      | Noticed a naga
     4 | D:1      | Noticed a minotaur
     6 | D:1      | Noticed an octopode
     6 | D:1      | Noticed a palentonga
     8 | D:1      | Noticed a formicid
     8 | D:1      | Noticed a vampire
    10 | D:1      | Noticed a human
    10 | D:1      | Noticed a ghoul
    12 | D:1      | Noticed a meteoran
    12 | D:1      | Noticed a felid
    14 | D:1      | Noticed a spriggan
    14 | D:1      | Noticed a demonspawn
    16 | D:1      | Noticed a vine stalker
    18 | D:1      | Noticed an ogre
    18 | D:1      | Noticed a demigod
    20 | D:1      | Noticed a gargoyle
    22 | D:1      | Noticed an elf
    22 | D:1      | Noticed a merfolk
    24 | D:1      | Noticed a naga
    24 | D:1      | Noticed a troll
    26 | D:1      | Noticed a vine stalker
   240 | D:1      | HP: 1/12 [hobgoblin (3)]
   515 | D:1      | Reached skill level 3 in Axes
   515 | D:1      | Reached XP level 2. HP: 15/17 MP: 6/6
   554 | D:1      | 554 ||| Stepping ~*~*~tactically~*~*~ (hiding).
   877 | D:1      | Reached XP level 3. HP: 6/21 MP: 7/7
  1243 | D:1      | Found a faded altar of an unknown god.
  1245 | D:1      | 1245 ||| UPGRADING to +0 ring mail.
  1255 | D:1      | 1255 ||| DROPPING +0 leather armour.
  1256 | D:1      | 1256 ||| READING scroll labelled GIDEANT WYCE.
  1257 | D:1      | 1257 ||| READING scroll labelled ONICU ZAKOYCH.
  1258 | D:1      | 1258 ||| DRINKING 2 lumpy red potions.
  1259 | D:1      | 1259 ||| DROPPING scroll of blinking.
  1279 | D:2      | 1279 ||| STAIRDANCE
  1309 | D:2      | 1309 ||| STAIRDANCE
  1316 | D:1      | Reached skill level 4 in Axes
  1493 | D:2      | 1493 ||| STAIRDANCE
  1671 | D:2      | 1671 ||| Stepping ~*~*~tactically~*~*~ (stealth).
  1672 | D:2      | 1672 ||| Stepping ~*~*~tactically~*~*~ (stealth).
  1673 | D:2      | 1673 ||| Stepping ~*~*~tactically~*~*~ (stealth).
  1675 | D:2      | 1675 ||| Stepping ~*~*~tactically~*~*~ (stealth).
  1730 | D:2      | 1730 ||| DROPPING +0 whip.
  2261 | D:2      | Reached XP level 4. HP: 26/26 MP: 8/8
  2306 | D:2      | Noticed Natasha
  2318 | D:2      | Killed Natasha
  2319 | D:2      | Reached skill level 5 in Axes
  2609 | D:2      | Found a runed translucent door.
  2610 | D:2      | Noticed Crazy Yiuf
  2767 | D:2      | 2767 ||| DROPPING +0 leather armour of cold resistance.
  2768 | D:2      | 2768 ||| READING scroll labelled LIRHEBBAORO.
  2769 | D:2      | 2769 ||| READING scroll labelled CUDOZI GISSYUL.
  2769 | D:2      | Identified a scroll of acquirement
  2769 | D:2      | 2769 ||| ACQUIRING +6 ring of strength
  2769 | D:2      | Acquired a +6 ring of strength
  2771 | D:2      | 2771 ||| UPGRADING to +6 ring of strength.
  2825 | D:2      | Noticed Natasha
  2827 | D:2      | 2827 ||| Stepping ~*~*~tactically~*~*~ (hiding).
  2831 | D:2      | Killed Natasha
  3068 | D:3      | Gained mutation: Your magical nature lets you fly swiftly
                  | and evasively. [Tengu growth]
  3068 | D:3      | Reached XP level 5. HP: 30/30 MP: 9/9
  3074 | D:3      | 3074 ||| Stepping ~*~*~tactically~*~*~ (stealth).
  3210 | D:3      | 3210 ||| Stepping ~*~*~tactically~*~*~ (stealth).
  3286 | D:3      | 3286 ||| FLEEEEING.
  3287 | D:3      | 3287 ||| FLEEEEING.
  3325 | D:3      | 3325 ||| DROPPING +0 flail.
  3345 | D:3      | 3345 ||| Stepping ~*~*~tactically~*~*~ (stealth).
  3369 | D:3      | 3369 ||| Stepping ~*~*~tactically~*~*~ (stealth).
  3370 | D:3      | 3370 ||| Stepping ~*~*~tactically~*~*~ (stealth).
  3377 | D:3      | 3377 ||| Stepping ~*~*~tactically~*~*~ (stealth).
  3799 | D:3      | Found Suxzycw's General Store.
  3806 | D:3      | 3806 ||| BUYING 2 potions of resistance (200 gold).
  3806 | D:3      | Bought 2 potions of resistance for 200 gold pieces
  3806 | D:3      | 3806 ||| SHOPLISTING scroll of identify (20 gold, have 15).
  3806 | D:3      | 3806 ||| SHOPLISTING scroll of teleportation (30 gold, have
                  | 15).
  3969 | D:3      | 3969 ||| UPGRADING to +0 scale mail.
  3979 | D:3      | 3979 ||| DROPPING +0 ring mail.
  3980 | D:3      | 3980 ||| READING scroll labelled QEWKAEKEDGH.
  3981 | D:3      | 3981 ||| READING scroll labelled ZUJEFU CUCIET.
  3982 | D:3      | 3982 ||| READING scroll labelled AGULUNKI QAMU.
  4116 | D:3      | 4116 ||| READING scroll labelled OSMUEM ASEGREU.
  4120 | D:3      | 4120 ||| DRINKING 3 inky potions.
  4121 | D:3      | 4121 ||| DRINKING 2 metallic golden potions.
  4164 | D:3      | 4164 ||| DRINKING 3 bubbling inky potions.
  4165 | D:3      | 4165 ||| DRINKING 2 bubbling sapphire potions.
  4166 | D:3      | 4166 ||| DROPPING 2 potions of brilliance.
  4167 | D:3      | 4167 ||| DROPPING potion of lignification.
  4168 | D:3      | 4168 ||| DROPPING potion of invisibility.
  4179 | D:4      | 4179 ||| Stepping ~*~*~tactically~*~*~ (stealth).
  4180 | D:4      | 4180 ||| Stepping ~*~*~tactically~*~*~ (stealth).
  4185 | D:4      | Reached skill level 6 in Axes
  4242 | D:4      | Noticed Blork the orc
  4249 | D:4      | Killed Blork the orc
  4250 | D:4      | Reached XP level 6. HP: 28/35 MP: 10/10
  4405 | D:4      | Reached skill level 7 in Axes
  4495 | D:4      | Noticed Dowan
  4496 | D:4      | Noticed Duvessa
  4509 | D:4      | Killed Dowan
  4510 | D:4      | HP: 3/36 [Duvessa/+0 short sword (10)]
  4511 | D:4      | 4511 ||| DRINKING potion of heal wounds.
  4515 | D:4      | HP: 4/36 [Duvessa/+0 short sword (9)]
  4515 | D:4      | Mangled by Duvessa

Levels and vault maps discovered:
D:1:      kb_arrival_jail, layout_basic, shapermc_ecumenical_altar_acropolis,
          minmay_tromino_v4_a
D:2:      layout_loops_ring, uniq_crazy_yiuf_cottage, uniq_natasha
D:3:      layout_loops_ring, serial_shops, shop, kennysheep_crisscross,
          minmay_starry_boxes
D:4:      layout_basic, st_stairs_10, kennysheep_cross_bottleneck, uniq_duvessa,
          uniq_grinder, uniq_blork_the_orc

Skill      XL: |  1  2  3  4  5  6 |
---------------+-------------------+-----
Axes           | 3 4 5 6 7 |  7.1
Fighting       | |  2.6
Throwing       | |  1.0
Armour         | |  1.1
Dodging        | |  2.1
Spellcasting   | |  2.0
Translocations | |  2.4

Action                   |  1- 3 |  4- 6 || total
-------------------------+-------+-------++-------
Melee: Hand axe          |   101 |   100 ||   201
       Kick              |    29 |    20 ||    49
       Peck              |     9 |    11 ||    20
       Punch             |       |     4 ||     4
Throw: Boomerang         |     7 |       ||     7
  Use: Scroll            |     2 |     6 ||     8
       Potion            |     1 |     5 ||     6
 Stab: Invisible         |       |     1 ||     1
Armor: Leather armour    |    12 |       ||    12
       Ring mail         |    23 |    14 ||    37
       Scale mail        |       |     8 ||     8
Dodge: Dodged            |    52 |    68 ||   120

Table legend:
 A = Non-vault XP
 B = Vault XP
 C = Vault XP percentage of total XP
 D = Non-vault monster count
 E = Vault monster count
 F = Vault count percentage of total count
                 A         B        C        D         E       F
            +---------+---------+-------+---------+---------+-------
      Total |     256 |     219 |  46.1 |      65 |      15 |  18.8
            +---------+---------+-------+---------+---------+-------
        D:1 |      40 |       8 |  16.7 |      24 |       3 |  11.1
        D:2 |      75 |      35 |  31.8 |      18 |       1 |   5.3
        D:3 |      49 |       8 |  14.0 |      19 |       5 |  20.8
        D:4 |      92 |     168 |  64.6 |       4 |       6 |  60.0
            +---------+---------+-------+---------+---------+-------
